 Dungeon Crawl Stone Soup version 0.21-a0-344-g2144152 (webtiles) character file.

1337 Amnesiac the Destroyer (level 8, -7/58 HPs)
             Began as a Gnoll Conjurer on Oct 4, 2017.
             Was an Initiate of Ashenzari.
             Killed by nerve-wracking pain
             ... invoked by an orc priest
              (14 damage)
             ... on level 6 of the Dungeon.
             The game lasted 00:07:59 (5433 turns).

Amnesiac the Destroyer (Gnoll Conjurer)             Turns: 5433, Time: 00:08:00

Health: -7/58      AC:  3    Str: 10    XL:     8   Next: 61%
Magic:  7/17       EV: 16    Int: 20    God:    Ashenzari [......]
Gold:   136        SH:  5    Dex: 16    Spells: 14/19 levels left

rFire    . . .     SeeInvis .   k - +2 dagger (venom)
rCold    . . .     Gourm    .   x - +0 buckler
rNeg     . . .     Faith    .   d - +0 robe (curse)
rPois    .         Spirit   .   (no helmet)
rElec    .         Reflect  .   (no cloak)
rCorr    .         Harm     .   H - +0 pair of gloves
MR       .....                  (no boots)
Stlth    +++.......             (no amulet)
HPRegen  0.19/turn              (no ring)
MPRegen  0.15/turn              (no ring)

@: no status effects
A: distributed training, fangs 1, strong nose
a: Curse Item, Renounce Religion


You were on level 6 of the Dungeon.
You worshipped Ashenzari.
Ashenzari was noncommittal.
You were not hungry.

You visited 2 branches of the dungeon, and saw 7 of its levels.

You collected 257 gold pieces.
You spent 121 gold pieces at shops.

Inventory:

Hand Weapons
 f - a +2 dagger of speed
 k - a +2 dagger of venom (weapon)
Missiles
 o - 56 poisoned needles
Armour
 d - a cursed +0 robe (worn)
 x - a +0 buckler (worn)
 B - a +1 robe of the Archmagi
 H - a +0 pair of gloves (worn)
Jewellery
 w - an uncursed ring of wizardry
 y - an uncursed ring of positive energy
 D - a cursed amulet of inaccuracy
Wands
 F - a wand of confusion (30/48)
Scrolls
 e - 9 scrolls of identify {!r, unknown}
 h - 3 scrolls of teleportation {!r, unknown}
 l - 4 scrolls of blinking {!r, unknown}
 p - 2 scrolls of amnesia {!r, unknown}
 v - 3 scrolls of remove curse {!r}
 z - a scroll of enchant weapon {!r, unknown}
 C - a scroll of magic mapping {!r, unknown}
 E - a scroll of immolation {!r, unknown}
Potions
 a - 4 potions of curing {!q, unknown}
 g - a potion of haste {!q, unknown}
 i - a potion of flight {!q, unknown}
 j - a potion of might {!q, unknown}
 m - a potion of degeneration {!q, unknown}
 n - a potion of agility {!q, unknown}
 q - 3 potions of brilliance {!q, unknown}
 s - a potion of berserk rage {!q, unknown}
 t - a potion of magic {!q, unknown}
 u - a potion of mutation {!q, unknown}
 A - 2 potions of heal wounds {!q}
Books
 b - a book of Conjurations

   Spells                             Type                      Level
   a - Magic Dart                     Conjuration                  1
   b - Searing Ray                    Conjuration                  2
   c - Dazzling Spray                 Conjuration/Hexes            3
   d - Fulminant Prism                Conjuration/Hexes            4
   e - Force Lance                    Conjuration/Translocation    4
   f - Iskenderun's Mystic Blast      Conjuration                  4
Comestibles
 c - 4 bread rations
 r - 3 meat rations
 G - 3 chunks of flesh
 I - a royal jelly


   Skills:
 + Level 3.3 Fighting
 + Level 3.3 Short Blades
 + Level 3.3 Long Blades
 + Level 3.3 Axes
 + Level 3.3 Maces & Flails
 + Level 3.3 Polearms
 + Level 3.3 Staves
 + Level 3.3 Slings
 + Level 3.3 Bows
 + Level 3.3 Crossbows
 + Level 3.3 Throwing
 + Level 3.3 Armour
 + Level 5.7 Dodging
 + Level 5.4 Stealth
 + Level 3.3 Shields
 + Level 3.3 Unarmed Combat
 + Level 6.1 Spellcasting
 + Level 9.2 Conjurations
 + Level 3.3 Hexes
 + Level 3.3 Charms
 + Level 3.3 Summonings
 + Level 3.3 Necromancy
 + Level 3.3 Translocations
 + Level 3.3 Transmutations
 + Level 3.3 Fire Magic
 + Level 3.3 Ice Magic
 + Level 3.3 Air Magic
 + Level 3.3 Earth Magic
 + Level 3.3 Poison Magic
 + Level 3.3 Invocations
 + Level 3.3 Evocations


You had 14 spell levels left.
You knew the following spells:

 Your Spells              Type           Power        Failure   Level  Hunger
a - Magic Dart            Conj           ####         1%          1    None
s - Fulminant Prism       Conj/Hex       ####......   9%          4    ####...


Dungeon Overview and Level Annotations

Branches:
Dungeon (6/15)             Temple (1/1) D:5

Altars:
Ashenzari
Cheibriados
Dithmenos
Elyvilon
Fedhas
Gozag
Hepliaklqana
Kikubaaqudgha
Makhleb
Nemelex Xobeh
Okawaru
Qazlal
Ru
Sif Muna
Trog
Uskayaw
Vehumet
Wu Jian
Zin
The Shining One

Shops:
D:4 [

Annotations:
D:4 Dowan, Duvessa


Innate Abilities, Weirdness & Mutations

Your experience applies equally to all skills.
You have very sharp teeth.
Your uncanny sense of smell can sniff out nearby items.


Message History

The orc warrior is heavily wounded.
The orc warrior barely misses you.
You barely miss the orc warrior.
You bite the orc warrior, but do no damage.
The orc warrior is heavily wounded.
The orc warrior hits you with a short sword!
* * * LOW HITPOINT WARNING * * *
The orc warrior looks more healthy.
You hit the orc warrior.
The orc warrior is almost dead.
The orc warrior hits you with a short sword!
* * * LOW HITPOINT WARNING * * *
You hit the orc warrior.
You kill the orc warrior!
You now have 136 gold pieces (gained 12).
Items here: ) ? [ † an uncursed short sword; a +0 plate armour a scroll labeled WEMEDAMMA KYQUO {!r}; an orc corpse You butcher the orc corpse.
G - 4 chunks of flesh (gained 3)
Things that are here:
an uncursed short sword; a +0 plate armour a scroll labeled WEMEDAMMA KYQUO {!r} You start resting.
Eating one of 4 chunks of flesh.
You eat one of the 4 chunks of flesh.
This raw flesh tastes terrible.
Magic restored.
The orc warrior is too close now for your liking.
An orc warrior is nearby!
An orc warrior is nearby!
An orc warrior is nearby!
The orc warrior shouts!
The orc priest shouts!
You hear a shout!
Casting: Fulminant Prism
Confirm with . or Enter, or press ? or * to list all spells.
Aiming: Fulminant Prism
Press: ? - help, Dir - move target cursor You conjure a prism of explosive energy!
Your fulminant prism crackles loudly.
Your fulminant prism explodes!
The blast of energy engulfs the orc warrior.
The orc warrior is severely wounded.
You hear a shout!
Casting: Fulminant Prism
Confirm with . or Enter, or press ? or * to list all spells.
Aiming: Fulminant Prism
Press: ? - help, Dir - move target cursor You conjure a prism of explosive energy!
The orc warrior hits you with a mace!
* * * LOW HITPOINT WARNING * * *
Your fulminant prism crackles loudly.
The orc priest begins to cast a cantrip, but forgets the words!
Your fulminant prism explodes!
The blast of energy engulfs the orc warrior.
You kill the orc warrior!
The blast of energy engulfs you!
* * * LOW HITPOINT WARNING * * *
Casting: Fulminant Prism
Confirm with . or Enter, or press ? or * to list all spells.
Aiming: Fulminant Prism
Press: ? - help, Dir - move target cursor You conjure a prism of explosive energy!
The orc priest calls down the wrath of Beogh upon you.
Pain shoots through your body!
You die...

#.......###....###.#### #.....
##..###.###.#.####..# #.....
#......#.....#.....# #.#
#......#.....#.....# #.#
#......##...##.....# #.#
#.......#...#....*.######o#
#.......##.##....)o..o....#
####.###....#.#....########..#
.......###.#####@###. #..#
.###.....###...###... #..#
...........#._.#..... #..#
.####....###...###... ∆ ...#
## #..###.##'##.### #... #
####....#.#....#### #### #
#......##.##......# #
#......#...#......# #
#.....##...##.....#


You could see an orc priest and a friendly fulminant prism.

Vanquished Creatures
  2 orc warriors (D:6)
  A black bear (D:5)
  An ogre (D:4)
  An ice beast (D:6)
  A centaur (D:3)
  A bullfrog (D:6)
  2 scorpions
  A howler monkey (D:5)
  2 crimson imps (D:6)
  A hound (D:5)
  A jelly (D:5)
  2 orc priests (D:5)
  3 orc wizards (D:5)
  Jessica (D:2)
  2 iguanas
  3 worker ants
  A hound skeleton (D:4)
  A hound zombie (D:5)
  5 adders
  An ooze (D:1)
  An adder skeleton (D:4)
  3 worms
  A dart slug (D:2)
  5 leopard geckos
  9 orcs
  2 ball pythons
  3 giant cockroaches
  3 goblins (D:3)
  6 hobgoblins
  14 jackals
  3 quokkas
  3 bats
  3 frilled lizards
  A giant cockroach zombie (D:5)
  6 kobolds
  A quokka zombie (D:5)
  23 rats
120 creatures vanquished.

Vanquished Creatures (others)
  16 fulminant prisms
16 creatures vanquished.

Grand Total: 136 creatures vanquished

Notes
Turn   | Place    | Note
-------+----------+-------------------------------------------
     0 | D:1      | Amnesiac the Gnoll Conjurer began the quest for the Orb.
     0 | D:1      | Reached XP level 1. HP: 13/13 MP: 6/6
    76 | D:1      | Reached XP level 2. HP: 19/19 MP: 3/7
   886 | D:2      | Noticed Jessica
   890 | D:2      | Killed Jessica
   890 | D:2      | Reached skill level 5 in Spellcasting
   890 | D:2      | Reached XP level 3. HP: 25/25 MP: 3/9
  1334 | D:2      | Reached skill level 1 in Fighting
  1334 | D:2      | Reached skill level 1 in Short Blades
  1334 | D:2      | Reached skill level 1 in Long Blades
  1334 | D:2      | Reached skill level 1 in Axes
  1334 | D:2      | Reached skill level 1 in Maces & Flails
  1334 | D:2      | Reached skill level 1 in Polearms
  1334 | D:2      | Reached skill level 1 in Staves
  1334 | D:2      | Reached skill level 1 in Slings
  1334 | D:2      | Reached skill level 1 in Bows
  1334 | D:2      | Reached skill level 1 in Crossbows
  1334 | D:2      | Reached skill level 1 in Throwing
  1334 | D:2      | Reached skill level 1 in Armour
  1334 | D:2      | Reached skill level 1 in Shields
  1334 | D:2      | Reached skill level 1 in Unarmed Combat
  1334 | D:2      | Reached skill level 1 in Hexes
  1334 | D:2      | Reached skill level 1 in Charms
  1334 | D:2      | Reached skill level 1 in Summonings
  1334 | D:2      | Reached skill level 1 in Necromancy
  1334 | D:2      | Reached skill level 1 in Translocations
  1334 | D:2      | Reached skill level 1 in Transmutations
  1334 | D:2      | Reached skill level 1 in Fire Magic
  1334 | D:2      | Reached skill level 1 in Ice Magic
  1334 | D:2      | Reached skill level 1 in Air Magic
  1334 | D:2      | Reached skill level 1 in Earth Magic
  1334 | D:2      | Reached skill level 1 in Poison Magic
  1334 | D:2      | Reached skill level 1 in Invocations
  1334 | D:2      | Reached skill level 1 in Evocations
  1334 | D:2      | Reached XP level 4. HP: 32/32 MP: 8/11
  1764 | D:3      | Learned a level 4 spell: Fulminant Prism
  1781 | D:3      | Found an opulent altar of Gozag.
  1781 | D:3      | Found a bloodstained altar of Trog.
  1782 | D:3      | Found a sacrificial altar of Ru.
  1815 | D:3      | Noticed a centaur
  1830 | D:3      | Killed a centaur
  1830 | D:3      | Reached XP level 5. HP: 30/37 MP: 3/12
  1880 | D:3      | Found a sparkling altar of Nemelex Xobeh.
  1882 | D:3      | Found a snail-covered altar of Cheibriados.
  2209 | D:3      | Found a glowing silver altar of Zin.
  2477 | D:4      | Noticed Dowan
  2479 | D:4      | Noticed Duvessa
  2571 | D:4      | Noticed an ogre
  2576 | D:4      | Killed an ogre
  2576 | D:4      | Reached XP level 6. HP: 44/44 MP: 8/14
  2617 | D:4      | Found Xiuroili's Antique Armour Shoppe.
  2627 | D:4      | Reached skill level 5 in Dodging
  2969 | D:4      | Bought a buckler for 121 gold pieces
  3445 | D:5      | Entered Level 5 of the Dungeon
  3467 | D:5      | Reached XP level 7. HP: 50/50 MP: 5/15
  4105 | D:5      | Reached skill level 5 in Stealth
  4275 | D:5      | Found a staircase to the Ecumenical Temple.
  4330 | Temple   | Entered the Ecumenical Temple
  4431 | D:5      | Reached skill level 9 in Conjurations
  4738 | D:5      | Reached XP level 8. HP: 37/57 MP: 11/16
  4994 | D:6      | Found a shattered altar of Ashenzari.
  5099 | D:6      | Became a worshipper of Ashenzari the Shackled
  5433 | D:6      | Killed from afar by an orc priest

Vault maps used:
D:1:      dpeg_arrival_oval
D:2:      minmay_rat_hole, uniq_jessica
D:3:      nicolae_overflow_hidden_temple, lemuel_coloured_pillars_altar
D:4:      serial_shops, nicolae_shop_overgrown_old_shop, uniq_duvessa
D:5:      minmay_temple_entry_statues_pillars, first_bread
D:6:      serial_shops, nicolae_shop_crystal, nicolae_ashenzari_panopticon
Temple:   nicolae_temple_god_jail

Skill      XL: |  1  2  3  4  5  6  7  8 |
---------------+-------------------------+-----
Spellcasting   | 5 6 |  6.1
Fighting       | 1 2 3 |  3.3
Short Blades   | 1 2 3 |  3.3
Long Blades    | 1 2 3 |  3.3
Axes           | 1 2 3 |  3.3
Maces & Flails | 1 2 3 |  3.3
Polearms       | 1 2 3 |  3.3
Staves         | 1 2 3 |  3.3
Slings         | 1 2 3 |  3.3
Bows           | 1 2 3 |  3.3
Crossbows      | 1 2 3 |  3.3
Throwing       | 1 2 3 |  3.3
Armour         | 1 2 3 |  3.3
Shields        | 1 2 3 |  3.3
Unarmed Combat | 1 2 3 |  3.3
Hexes          | 1 2 3 |  3.3
Charms         | 1 2 3 |  3.3
Summonings     | 1 2 3 |  3.3
Necromancy     | 1 2 3 |  3.3
Translocations | 1 2 3 |  3.3
Transmutations | 1 2 3 |  3.3
Fire Magic     | 1 2 3 |  3.3
Ice Magic      | 1 2 3 |  3.3
Air Magic      | 1 2 3 |  3.3
Earth Magic    | 1 2 3 |  3.3
Poison Magic   | 1 2 3 |  3.3
Invocations    | 1 2 3 |  3.3
Evocations     | 1 2 3 |  3.3
Dodging        | 5 |  5.7
Stealth        | 5 |  5.4
Conjurations   | 9 |  9.2

Action                   |  1- 3 |  4- 6 |  7- 9 || total
-------------------------+-------+-------+-------++-------
Melee: Dagger            |       |    31 |    51 ||    82
       Bite              |       |     2 |     5 ||     7
 Cast: Magic Dart        |    43 |    97 |   124 ||   264
       Fulminant Prism   |       |     7 |    10 ||    17
 Stab: Sleeping          |       |     2 |     1 ||     3
  Eat: Chunk             |       |     6 |     8 ||    14
       Royal jelly       |       |     1 |       ||     1
Armor: Robe              |       |     5 |     2 ||     7
Dodge: Dodged            |     4 |    26 |    42 ||    72
Block: Buckler           |       |       |    13 ||    13

Table legend:
 A = Spawn XP
 B = Non-spawn XP
 C = Spawn XP percentage of total XP
 D = Spawn monster count
 E = Non-spawn monster count
 F = Spawn count percentage of total count
 G = Total turns spent on level
                    A         B        C        D         E        F      G
               +---------+---------+-------+---------+---------+-------+---------
         Total |       0 |    1910 |   0.0 |       0 |     120 |   0.0 |  5433
               +---------+---------+-------+---------+---------+-------+---------
           D:1 |       0 |      18 |   0.0 |       0 |       8 |   0.0 |   716
           D:2 |       0 |     103 |   0.0 |       0 |      31 |   0.0 |  1042
           D:3 |       0 |     170 |   0.0 |       0 |      26 |   0.0 |   716
           D:4 |       0 |     317 |   0.0 |       0 |      13 |   0.0 |   971
           D:5 |       0 |     666 |   0.0 |       0 |      28 |   0.0 |  1314
           D:6 |       0 |     636 |   0.0 |       0 |      14 |   0.0 |   618
               +---------+---------+-------+---------+---------+-------+---------
